 Dungeon Crawl Stone Soup version 0.28-a0-1032-ga8db75c868 (webtiles) character file.

Game seed: 16718007246023090445

138 DrunkBamboolord the Protected (level 5, 0/37 HPs)
             Began as a Gnoll Wanderer on Dec 7, 2021.
             Slain by Pikel (2 damage)
             ... on level 3 of the Dungeon.
             The game lasted 00:08:06 (4984 turns).

DrunkBamboolord the Protected (Gnoll Wanderer)      Turns: 4984, Time: 00:08:07

Health: 0/37       AC:  4    Str: 11 (13) XL:     5   Next: 21%
Magic:  3/9        EV: 11    Int: 10 (11) God:
Gold:   153        SH:  4    Dex: 11 (12) Spells: 8/10 levels left

rFire   . . .      SeeInvis .   j - +2 whip (venom)
rCold   . . .      Faith    .   b - +0 buckler
rNeg    . . .      Spirit   .   i - +0 leather armour
rPois   .          Reflect  .   (no helmet)
rElec   .          Harm     .   (no cloak)
rCorr   .          Rampage  .   (no gloves)
Will    .....                   (no boots)
Stlth   +.........              l - amulet of the acrobat
HPRegen 0.12/turn               (no ring)
MPRegen 0.11/turn               (no ring)

@: attractive
A: fangs 1, strong nose, distributed training
a: no special abilities


You were on level 3 of the Dungeon.
You visited 1 branch of the dungeon, and saw 4 of its levels.

You collected 153 gold pieces.

Inventory:

Hand Weapons
 j - a +2 whip of venom (weapon)
Armour
 b - a +0 buckler (worn)
 c - a +2 scale mail
 i - a +0 leather armour (worn)
Magical Staves
 f - a staff of air
Jewellery
 l - an amulet of the acrobat (around neck)
Scrolls
 k - 2 scrolls of teleportation
Potions
 a - a potion of haste
 e - a potion of cancellation {unknown}
 h - a potion of heal wounds {unknown}


   Skills:
 + Level 1.4 Fighting
 + Level 1.4 Short Blades
 + Level 1.4 Long Blades
 + Level 2.9 Axes
 + Level 1.4 Maces & Flails
 + Level 1.4 Polearms
 + Level 1.4 Staves
 + Level 1.4 Slings
 + Level 1.4 Bows
 + Level 1.4 Crossbows
 + Level 1.4 Throwing
 + Level 8.6 Armour
 + Level 1.4 Dodging
 + Level 1.4 Stealth
 + Level 2.9 Shields
 + Level 1.4 Unarmed Combat
 + Level 3.1 Spellcasting
 + Level 2.3 Conjurations
 + Level 1.1 Hexes
 + Level 1.1 Summonings
 + Level 1.1 Necromancy
 + Level 1.1 Translocations
 + Level 1.1 Transmutations
 + Level 2.3 Fire Magic
 + Level 1.1 Ice Magic
 + Level 1.1 Air Magic
 + Level 1.1 Earth Magic
 + Level 1.1 Poison Magic
 + Level 1.5 Invocations
 + Level 2.9 Evocations


You had 8 spell levels left.
You knew the following spells:

 Your Spells              Type           Power      Damage    Failure   Level
a - Foxfire               Conj/Fire      24%        2x1d5     16%         1
b - Pain                  Necr           12%        1d4       26%         1

Your spell library contained the following spells:

 Spells                   Type           Power      Damage    Failure   Level
 Sandblast                Erth           6%         2d5       26%         1
 Passwall                 Tmut/Erth      2%         N/A       36%         2
 Inner Flame              Hex/Fire       5%         N/A       52%         3
 Stone Arrow              Conj/Erth      10%        3d7       52%         3
 Agony                    Necr           3%         N/A       100%        5
 Excruciating Wounds      Necr           1%         N/A       100%        5


Dungeon Overview and Level Annotations

Branches:
Dungeon (4/15)
 Temple: D:4-7

Altars:
Kikubaaqudgha

Annotations:
D:3 Pikel


Innate Abilities, Weirdness & Mutations

You have very sharp teeth.
Your uncanny sense of smell can sniff out nearby items.
Your experience applies equally to all skills.


Message History

The foxfire hits Pikel but does no damage.
Pikel is moderately wounded.
Pikel closely misses you.
You hit Pikel but do no damage.
Pikel is poisoned.
You bite Pikel, but do no damage.
Pikel is moderately wounded.
Pikel hits you but does no damage.
You closely miss Pikel.
Pikel is moderately wounded.
Pikel zaps a wand.
The puff of flame hits you!
Casting: Foxfire (safe; 14% risk of failure)
Press: ? - help, Q - select action, (/) - cycle Dir - look around, f - activate You conjure some foxfire!
Pikel hits you with a +1 whip of flaming.
Pikel burns you.
Casting: Foxfire (safe; 14% risk of failure)
Press: ? - help, Q - select action, (/) - cycle Dir - look around, f - activate You conjure some foxfire!
The foxfire hits Pikel but does no damage.
Pikel is moderately wounded.
The foxfire hits Pikel.
Pikel is moderately wounded.
Pikel hits you with a +1 whip of flaming.
* * * LOW HITPOINT WARNING * * *
Pikel burns you.
* * * LOW HITPOINT WARNING * * *
Okay, then.
Your foxfire dissipates!
The foxfire hits Pikel but does no damage.
Pikel is moderately wounded.
It was a potion of degeneration.
There was something very wrong with that liquid.
You feel weakened.
You feel dopey.
You feel clumsy. Pikel closely misses you.
It was a potion of attraction.
You feel attractive to monsters.
Pikel hits you with a +1 whip of flaming.
* * * LOW HITPOINT WARNING * * *
Pikel burns you.
You die...

.#........# #.#.#.....#####.#
.#........# ###.......#.......#
.#.#......#####...###############
..................#
.#.#####.######...# .#.#####.#
##.## .#.......# #.# .#########
#K# ^......#### #@# ###.......#
#.# #..[....# ###.# #.......#
#...# #.......# #.### ###.......#
#.# ..........# #.# .##.......#
#.## .##.####### #..#


You could see Pikel (poisoned).

Vanquished Creatures
  4 lemures (D:3)
  An orc priest (D:3)
  Jessica (D:2)
  2 adders
  2 dart slugs (D:3)
  6 orcs
  5 bats
  4 endoplasms
  5 giant cockroaches
  4 goblins
  8 hobgoblins
  2 kobolds
  2 quokkas
  3 ball pythons
  4 frilled lizards
  4 rats
57 creatures vanquished.

Vanquished Creatures (others)
  26 foxfires
26 creatures vanquished.

Grand Total: 83 creatures vanquished

Notes
Turn   | Place    | Note
-------+----------+-------------------------------------------
     0 | D:1      | DrunkBamboolord the Gnoll Wanderer began the quest for the
                  | Orb.
     0 | D:1      | DrunkBamboolord set off with the following items: a +0
                  | dagger, a +0 buckler, a +2 scale mail; and the following
                  | spell memorised: Foxfire; and the following spells
                  | available to memorise: Inner Flame
     0 | D:1      | Reached XP level 1. HP: 13/13 MP: 4/4
   162 | D:1      | You fall into a shaft and drop 1 floor!
   240 | D:1      | Reached XP level 2. HP: 19/19 MP: 2/5
  1449 | D:2      | Reached XP level 3. HP: 20/25 MP: 7/7
  1766 | D:2      | Found an ancient bone altar of Kikubaaqudgha.
  1859 | D:2      | Noticed Jessica
  1870 | D:2      | Killed Jessica
  1871 | D:2      | Reached skill level 1 in Fighting
  1871 | D:2      | Reached skill level 1 in Short Blades
  1871 | D:2      | Reached skill level 1 in Long Blades
  1871 | D:2      | Reached skill level 1 in Maces & Flails
  1871 | D:2      | Reached skill level 1 in Polearms
  1871 | D:2      | Reached skill level 1 in Staves
  1871 | D:2      | Reached skill level 1 in Slings
  1871 | D:2      | Reached skill level 1 in Bows
  1871 | D:2      | Reached skill level 1 in Crossbows
  1871 | D:2      | Reached skill level 1 in Throwing
  1871 | D:2      | Reached skill level 1 in Dodging
  1871 | D:2      | Reached skill level 1 in Stealth
  1871 | D:2      | Reached skill level 1 in Unarmed Combat
  1871 | D:2      | Reached skill level 1 in Invocations
  1871 | D:2      | Reached XP level 4. HP: 32/32 MP: 5/8
  2859 | D:3      | Reached skill level 1 in Hexes
  2859 | D:3      | Reached skill level 1 in Summonings
  2859 | D:3      | Reached skill level 1 in Necromancy
  2859 | D:3      | Reached skill level 1 in Translocations
  2859 | D:3      | Reached skill level 1 in Transmutations
  2859 | D:3      | Reached skill level 1 in Ice Magic
  2859 | D:3      | Reached skill level 1 in Air Magic
  2859 | D:3      | Reached skill level 1 in Earth Magic
  2859 | D:3      | Reached skill level 1 in Poison Magic
  3091 | D:3      | Reached XP level 5. HP: 37/37 MP: 9/9
  3272 | D:3      | Found a faded altar of an unknown god.
  3622 | D:4      | Noticed Pikel
  3622 | D:4      | Noticed a lemure
  3622 | D:4      | Noticed a lemure
  3622 | D:4      | Noticed a lemure
  3623 | D:4      | Noticed a lemure
  3636 | D:3      | Killed a lemure
  3748 | D:3      | Killed a lemure
  3953 | D:3      | Killed a lemure
  4445 | D:3      | Learned a level 1 spell: Pain
  4704 | D:3      | Killed a lemure
  4984 | D:3      | Slain by Pikel

Illustrated notes

Levels and vault maps discovered:
D:1:      nicolae_arrival_somewhat_less_tricky_arrival, layout_loops_ring,
          hangedman_glass_teeth
D:2:      layout_basic, basic_altar, grunt_ministairs_9,
          kennysheep_generic_room_11, uniq_jessica
D:3:      layout_loops_cross, shapermc_ecumenical_altar_totnotflames,
          grunt_ministairs_4
D:4:      layout_loops_corners, serial_shops, kennysheep_mini, roderic_batcave,
          minmay_diced_spiral, uniq_pikel

Skill      XL: |  1  2  3  4 |
---------------+-------------+-----
Conjurations   | 2 |  2.3
Fire Magic     | 2 |  2.3
Fighting       | 1 |  1.4
Short Blades   | 1 |  1.4
Long Blades    | 1 |  1.4
Maces & Flails | 1 |  1.4
Polearms       | 1 |  1.4
Staves         | 1 |  1.4
Slings         | 1 |  1.4
Bows           | 1 |  1.4
Crossbows      | 1 |  1.4
Throwing       | 1 |  1.4
Dodging        | 1 |  1.4
Stealth        | 1 |  1.4
Unarmed Combat | 1 |  1.4
Invocations    | 1 |  1.5
Spellcasting   | 3 |  3.1
Hexes          | 1 |  1.1
Summonings     | 1 |  1.1
Necromancy     | 1 |  1.1
Translocations | 1 |  1.1
Transmutations | 1 |  1.1
Ice Magic      | 1 |  1.1
Air Magic      | 1 |  1.1
Earth Magic    | 1 |  1.1
Poison Magic   | 1 |  1.1
Axes           | |  2.9
Armour         | |  8.6
Shields        | |  2.9
Evocations     | |  2.9

Action                   |  1- 3 |  4- 6 || total
-------------------------+-------+-------++-------
Melee: Dagger            |   125 |    35 ||   160
       Bite              |     9 |     3 ||    12
       Whip              |       |    85 ||    85
 Cast: Foxfire           |     5 |    12 ||    17
       Pain              |       |     1 ||     1
  Use: Scroll            |     2 |     3 ||     5
       Potion            |       |     2 ||     2
 Stab: Sleeping          |     1 |       ||     1
Armor: Scale mail        |    46 |       ||    46
       Leather armour    |    12 |    19 ||    31
Dodge: Dodged            |    53 |    70 ||   123
Block: Buckler           |    23 |    17 ||    40

Table legend: (Time is in decaauts)
 A = Elapsed time spent in this place.
 B = Non-inter-level travel time spent in this place.
 C = Inter-level travel time spent in this place.
 D = Time resting spent in this place.
 E = Time spent auto-exploring this place.
 F = Levels seen in this place.
 G = Mean time per level.
                   A        B        C        D        E       F      G
               +--------+--------+--------+--------+--------+-----+--------+
         Total |   5001 |   4632 |    369 |   1292 |   2569 |   4 | 1250.2 |
       Dungeon |   5001 |   4632 |    369 |   1292 |   2569 |   4 | 1250.2 |
               +--------+--------+--------+--------+--------+-----+--------+

Top non-repeatable levels by time:
     D:3: 2134 daAuts
     D:2: 1545 daAuts
     D:1: 1295 daAuts
     D:4: 26 daAuts
